[Event "German Bundesliga 2021-22"]
[Site "Germany"]
[Date "2022.04.09"]
[Round "3.9"]
[White "Mamedyarov, Shakhriyar"]
[Black "Santos Latasa, Jaime"]
[Result "1-0"]
[ECO "D38"]
[WhiteElo "2767"]
[BlackElo "2640"]
[Annotator "TA"]
[PlyCount "99"]
[EventDate "2022.03.05"]
[EventType "team-tourn"]
[EventCountry "GER"]
[SourceTitle "playchess.com"]
[Source "ChessBase"]
[SourceQuality "1"]
[TimeControl "40/5400+30:1800+30"]

1. d4 Nf6 2. c4 e6 3. Nf3 d5 4. Nc3 Bb4 5. Qa4+ Nc6 6. a3 Bxc3+ 7. bxc3 Bd7 8. cxd5 $1 {[%emt 0:00:00] 8.cxd5 scores better than 8.Qc2. D38: Queen's Gambit Declined: Ragozin Defence (4 Nf3 Bb4).} exd5 9. Qc2 O-O 10. Bg5 {[%emt 0:00:00] The position is equal.} h6 11. Bh4 Na5 12. Ne5 Be6 (12... g5 $5 13. Bg3 c5 $11) 13. e3 c5 14. Bd3 c4 {[%emt 0:07:46] [#]} 15. Bh7+ $146 ({Predecessor:} 15. Be2 Nb3 16. Ra2 g5 17. Bg3 Qc8 18. f3 Bf5 19. Qd1 Nd7 20. e4 Nxe5 21. exf5 {1-0 (35) Van Doorn,J (2261)-Achermann,J (2237) ICCF email 2011}) 15... Kh8 {[%emt 0:00:55] White must now prevent ...g5.} 16. Bf5 $1 {[%emt 0:00:02] aiming for Bxe6.} Nb3 {[%emt 0:12:31] Pair of Knights!} 17. Bxe6 Nxa1 $11 18. Qd1 fxe6 19. Ng6+ Kg8 20. Nxf8 Qxf8 21. Qxa1 b5 22. O-O a5 23. Qb2 {[%emt 0:08:27] Inhibits b4.} Rb8 24. Rb1 Nd7 25. Bg3 Rb7 26. f3 Nb8 27. e4 Nc6 28. Qe2 {[%emt 0:01:35] exd5 is the strong threat.} Qf7 (28... Qxa3 $2 29. exd5 Nd8 30. dxe6 $18) 29. Bd6 {[%emt 0:02:19] Inhibits b4.} Kh7 30. Bc5 Kg8 31. Qe1 ({Better is} 31. Kf2 $14) 31... Qd7 (31... e5 $11) 32. h4 (32. exd5 $16 Qxd5 33. Qe4) 32... Kh8 (32... e5 $1 $11) 33. exd5 $16 Qxd5 34. Qe4 $1 Kg8 35. h5 Rb8 36. g4 Qd7 37. Kg2 {[%emt 0:01:51] &Bianco is more active.} Rb7 $2 {[%emt 0:00:51] Black cannot hold the game after this.} (37... Ne7 $16 {was called for.}) 38. Re1 $18 b4 39. axb4 (39. Qxe6+ Qxe6 40. Rxe6 bxc3 $15) 39... axb4 40. Qg6 (40. Qxe6+ Qxe6 41. Rxe6 bxc3 $1 $17) 40... e5 41. cxb4 ({And not} 41. dxe5 bxc3 42. Kg3 Qd2 43. Qe8+ (43. Ra1 Rb2 $11) 43... Kh7 $11) 41... c3 42. dxe5 Nxb4 {[%emt 0:00:00] Hoping for ...Nd3.} 43. Ra1 {[%emt 0:00:00] Intending Ra8+ and mate.} Nc6 44. Bd6 {[%emt 0:00:00] The board is on fire.} Ra7 {[%emt 0:00:00] Prevents Ra8+.} (44... Rb2+ 45. Kg3 Nd8) 45. Rxa7 {[%emt 0:00:00] White is clearly winning.} Nxa7 {[%emt 0:00:00] [#]} 46. e6 $1 Qb5 47. Qf7+ Kh7 48. Qxa7 {[%emt 0:00:00] Qe3 would kill now.} Qb2+ 49. Qf2 {[%emt 0:00:00] White threatens e7 and mate.} c2 50. Bf4 {[%emt 0:00:00] Weighted Error Value: White=0.09 (flawless) /Black=0.26 (precise)} ({Weaker is} 50. e7 c1=Q 51. e8=Q Qxf2+ 52. Kxf2 Qd2+ 53. Qe2 Qxd6 54. Qe4+ Kg8 55. Qe8+ Kh7 $16) 1-0

[Event "German Bundesliga 2021-22"]
[Site "Germany"]
[Date "2022.04.09"]
[Round "3.9"]
[White "Keymer, Vincent"]
[Black "Haria, Ravi"]
[Result "1-0"]
[ECO "A19"]
[WhiteElo "2664"]
[BlackElo "2490"]
[Annotator "TA"]
[PlyCount "114"]
[EventDate "2022.03.05"]
[EventType "team-tourn"]
[EventCountry "GER"]
[SourceTitle "playchess.com"]
[Source "ChessBase"]
[SourceQuality "1"]
[TimeControl "40/5400+30:1800+30"]

1. c4 e6 2. Nc3 Nf6 3. e4 c5 4. e5 Ng8 5. Nf3 Nc6 6. d4 cxd4 7. Nxd4 Nxe5 8. Ndb5 a6 9. Nd6+ Bxd6 10. Qxd6 f6 11. Be3 Ne7 {[%emt 0:01:51] A19: English Opening: Flohr-Mikenas System with 3...c5.} 12. Bb6 Nf5 13. Qb4 {[%emt 0:09:24] The modern move.} Nc6 {[%emt 0:01:56] The position is equal.} 14. Qc5 d6 15. Bxd8 dxc5 16. Bb6 (16. Bc7 {with more complications.} Kd7 17. Bb6 Ne5 18. Na4) 16... Ne5 17. Bxc5 g5 18. Be2 h5 {[%emt 0:01:02] [#]} 19. Ne4 $146 ({Predecessor:} 19. O-O-O Bd7 20. Rhe1 Bc6 21. Bf1 Kf7 22. b4 Rhc8 23. Kb2 a5 24. a3 Be8 25. h3 {0-1 (47) Matlakov,M (2716)-Thybo,J (2550) Batumi 2019}) 19... Kf7 20. O-O Bd7 21. b4 Bc6 22. Nd6+ Nxd6 23. Bxd6 Ng6 (23... h4 {keeps more tension.} 24. f4 gxf4 25. Rxf4 Ng6) 24. b5 axb5 25. cxb5 Bd5 26. Rfc1 Nf4 27. Bf1 {[%emt 0:05:33] A strong pair of Bishops.} h4 (27... e5 $11) 28. a4 e5 29. Rc7+ Kg6 30. f3 Rad8 31. Bb4 h3 32. g3 Ne6 33. Rc3 e4 (33... Nd4 $11 34. Kf2 Rc8) 34. fxe4 ({White should play} 34. Rd1 $16 {And now Ba5 would win.} Ba2 35. Rxd8 Rxd8 36. fxe4 (36. Bxh3 Rd4 $14)) 34... Bxe4 $11 35. Re3 f5 36. Bc3 Nd4 37. Bxd4 Rxd4 38. a5 g4 39. a6 bxa6 40. bxa6 Ra8 41. a7 Rd7 42. Rea3 Rc7 43. Be2 Rc2 44. Bf1 Rc7 $1 45. R3a2 Kg5 46. Ra5 Kf6 47. Ra6+ Kg5 48. R6a2 Bd5 49. Ra5 Be4 50. Be2 (50. R1a2 $14) 50... Rc2 51. Kf2 Bf3 $2 {[%emt 0:02:14] [#] Black cannot hold the game after this.} (51... Re8 $14 52. R5a2 Rcc8) 52. R1a2 $1 $18 Rxa2 (52... Rc3 53. Bxf3) 53. Rxa2 Be4 54. Ra5 Rc8 $2 {[%emt 0:02:33] [#]} (54... Rd8 55. Ke3 Rc8) 55. Bd3 $1 {[%emt 0:00:00][%mdl 512] White threatens Bxe4 and mate. White is clearly winning.} Bxd3 (55... Bg2 56. Rxf5+) 56. a8=Q Rxa8 57. Rxa8 Kf6 {Weighted Error Value: White=0.07 (flawless) /Black=0.24 (precise)} 1-0

[Event "German Bundesliga 2021-22"]
[Site "Germany"]
[Date "2022.04.09"]
[Round "3.9"]
[White "Moiseenko, Alexander"]
[Black "Nisipeanu, Liviu-Dieter"]
[Result "1/2-1/2"]
[ECO "D24"]
[WhiteElo "2602"]
[BlackElo "2652"]
[Annotator "RC"]
[PlyCount "40"]
[EventDate "2022.03.05"]
[EventType "team-tourn"]
[EventCountry "GER"]
[SourceTitle "playchess.com"]
[Source "ChessBase"]
[SourceQuality "1"]
[TimeControl "40/5400+30:1800+30"]

1. d4 d5 2. c4 e6 3. Nf3 Nf6 4. Nc3 dxc4 5. e4 b5 6. e5 Nd5 7. Nxb5 Nb6 8. Be2 Be7 9. O-O Nc6 10. Be3 O-O 11. Qc1 Qd7 12. b3 cxb3 13. axb3 Bb7 14. Rd1 a6 15. Nc3 Nb4 16. Ng5 N6d5 17. Nxd5 Bxd5 18. Qb1 Bxg5 19. Bxg5 Rfb8 20. Ra3 h6 1/2-1/2

[Event "German Bundesliga 2021-22"]
[Site "Germany"]
[Date "2022.04.09"]
[Round "3.10"]
[White "Piorun, Kacper"]
[Black "Papp, Gabor"]
[Result "1-0"]
[ECO "A46"]
[WhiteElo "2641"]
[BlackElo "2576"]
[Annotator "TA"]
[PlyCount "55"]
[EventDate "2022.03.05"]
[EventType "team-tourn"]
[EventCountry "GER"]
[SourceTitle "playchess.com"]
[Source "ChessBase"]
[SourceQuality "1"]
[TimeControl "40/5400+30:1800+30"]

1. d4 Nf6 2. Nf3 e6 3. e3 b6 4. Bd3 Bb7 5. O-O d5 6. b3 Bd6 7. Bb2 O-O 8. Qe2 c5 9. Nbd2 Nc6 {[%emt 0:10:05] D05: Colle System with ...e6.} 10. a3 {[%emt 0:00:07] Against Nb4} Rc8 11. Rfd1 Qc7 {[%emt 0:17:49] The position is equal.} 12. dxc5 {[%emt 0:03:35] [#]} Bxc5 $146 ({Predecessor:} 12... bxc5 13. e4 Ne5 14. Nxe5 Bxe5 15. Bxe5 Qxe5 16. Nf3 Qh5 17. e5 Ne4 18. Re1 Nc3 {0-1 (62) Grebeniuk,S (2254)-Sebenik,M (2546) Chess.com INT 2017}) 13. c4 Be7 14. Rac1 Qb8 15. cxd5 Nxd5 16. Ne4 h6 {[%emt 0:02:58] Prevents Nfg5.} 17. b4 Rfd8 {[%emt 0:04:39] [#]} ({Black should try} 17... Nf6 $14) 18. Bb1 (18. b5 $1 $16 Na5 19. Ne5) 18... Bf8 (18... f5 19. Ng3 $16) (18... Nf6 $14) 19. Ng3 {[%emt 0:20:53] &Bianco is more active.} Nde7 (19... Nf6 $16 {was worth a try.}) 20. h4 $18 (20. Qc2 $6 Ng6 $14) 20... Rxd1+ 21. Rxd1 {[%emt 0:00:14] Hoping for Qd3.} ({Much less strong is} 21. Qxd1 $6 Nd8 22. Rxc8 Qxc8 $16) 21... Rd8 {[%emt 0:00:06] [#]} 22. Rc1 $1 $40 {[%emt 0:00:25][%mdl 128] Strongly threatening Qc2. White wants a kill.} Nd5 $2 (22... Qd6 {was necessary.} 23. Qc2 f5) 23. Qc2 g6 24. h5 Nce7 25. e4 Rc8 26. Qd2 {[%emt 0:00:37] Black must now prevent Rxc8.} Rxc1+ 27. Qxc1 Nc7 (27... Qc7 $18 28. Qd2 Qf4) 28. Qc3 {[%emt 0:00:07] Weighted Error Value: White=0.08 (flawless) /Black=0.76} 1-0

[Event "German Bundesliga 2021-22"]
[Site "Germany"]
[Date "2022.04.09"]
[Round "3.10"]
[White "Bartel, Mateusz"]
[Black "Fridman, Daniel"]
[Result "1/2-1/2"]
[ECO "B12"]
[WhiteElo "2616"]
[BlackElo "2626"]
[Annotator "RC"]
[PlyCount "95"]
[EventDate "2022.03.05"]
[EventType "team-tourn"]
[EventCountry "GER"]
[SourceTitle "playchess.com"]
[Source "ChessBase"]
[SourceQuality "1"]
[TimeControl "40/5400+30:1800+30"]

1. e4 c6 2. d4 d5 3. e5 c5 4. dxc5 e6 5. Bd3 Nc6 6. Nf3 Bxc5 7. a3 f6 8. b4 Be7 9. Bb2 Nh6 10. O-O Nf7 11. exf6 Bxf6 12. Bxf6 Qxf6 13. Nbd2 O-O 14. c4 Nce5 15. Be2 Rd8 16. Qb3 b6 17. cxd5 exd5 18. Rac1 Ng6 19. Rfe1 Nf4 20. Bf1 Bg4 21. Rc7 Rf8 22. Qe3 Qd6 23. Qe7 Qxe7 24. Rexe7 Ng6 25. Re1 Rfc8 26. Rxc8+ Rxc8 27. Ba6 Rc3 28. Re8+ Nf8 29. h3 Bd7 30. Ra8 Rxa3 31. Bb7 g6 32. Bxd5 Kg7 33. Nc4 Ra4 34. Bxf7 Kxf7 35. b5 Kg7 36. Nxb6 Ra1+ 37. Kh2 Bxb5 38. Nd4 Bd7 39. Nxd7 Nxd7 40. Nc6 Ra6 41. Rxa7 Rxc6 42. Rxd7+ Kg8 43. g4 Rc5 44. Kg3 h5 45. Kh4 hxg4 46. hxg4 Ra5 47. f4 Kf8 48. Rb7 1/2-1/2

[Event "German Bundesliga 2021-22"]
[Site "Germany"]
[Date "2022.04.09"]
[Round "3.10"]
[White "Santos Ruiz, Miguel"]
[Black "Kryvoruchko, Yuriy"]
[Result "1/2-1/2"]
[ECO "C67"]
[WhiteElo "2596"]
[BlackElo "2683"]
[Annotator "TA"]
[PlyCount "43"]
[EventDate "2022.03.05"]
[EventType "team-tourn"]
[EventCountry "GER"]
[SourceTitle "playchess.com"]
[Source "ChessBase"]
[SourceQuality "1"]
[TimeControl "40/5400+30:1800+30"]

1. e4 e5 2. Nf3 Nc6 3. Bb5 Nf6 4. O-O Nxe4 5. Re1 Nd6 6. Nxe5 Be7 7. Bf1 Nxe5 8. Rxe5 O-O 9. d4 Bf6 10. Re1 Re8 {[%emt 0:00:00] C67: Ruy Lopez: Berlin Defence: 4 0-0 Nxe4.} 11. Bf4 Rxe1 12. Qxe1 Ne8 13. c3 d5 14. Nd2 g6 15. Nf3 Ng7 16. Qd2 c6 {[%emt 0:15:23] The position is equal.} 17. Re1 Bf5 {[%emt 0:02:26] [#]} 18. Bh6 $5 $146 {[%emt 0:09:52][%mdl 8] New and interesting.} ({Predecessor:} 18. Bg5 Ne6 19. Bxf6 Qxf6 20. Ne5 Re8 21. Bd3 Bxd3 22. Nxd3 Qd8 23. h3 Ng7 24. Rxe8+ Qxe8 {0-1 (48) Li,H (1985)-Slade,T (2057) Chess.com INT 2020}) 18... Qd6 19. Bf4 Qf8 20. h3 Re8 21. Ne5 Bd8 22. Nd3 {[%emt 0:25:01] Not much happened in this game.  Weighted Error Value: White=0.03 (flawless) /Black=0.02 (flawless)} 1/2-1/2

[Event "German Bundesliga 2021-22"]
[Site "Germany"]
[Date "2022.04.09"]
[Round "3.10"]
[White "Levin, Felix"]
[Black "Bluebaum, Matthias"]
[Result "0-1"]
[ECO "A06"]
[WhiteElo "2456"]
[BlackElo "2642"]
[Annotator "TA"]
[PlyCount "78"]
[EventDate "2022.03.05"]
[EventType "team-tourn"]
[EventCountry "GER"]
[SourceTitle "playchess.com"]
[Source "ChessBase"]
[SourceQuality "1"]
[TimeControl "40/5400+30:1800+30"]

1. Nf3 d5 2. g3 b6 3. Bg2 Bb7 4. c4 dxc4 5. Qa4+ Nd7 6. Qxc4 {[%emt 0:00:18] [#] Hoping for Ng5. A07: Réti Opening: New York and Capablanca Systems.} e6 7. O-O Ngf6 8. b3 {[%emt 0:00:28] [#] The position is equal.} Bd6 $146 ({Predecessor:} 8... c5 9. Bb2 Be7 10. d3 O-O 11. Nbd2 Rc8 12. Rac1 Qc7 13. Qc2 Rfd8 14. Rfd1 b5 15. Qb1 Qb8 16. Qa1 a6 17. Rc2 {½-½ (53) Soham,D (2336)-Lerch,J (2233) Rosenheim 2022}) 9. Bb2 O-O 10. d3 a6 11. Nbd2 b5 12. Qc2 c5 13. Rac1 Qb6 14. Qb1 Rac8 15. Qa1 Rfe8 16. Rc2 e5 17. Nh4 Bxg2 18. Nxg2 Nb8 19. e4 Nc6 20. Nf3 Rcd8 21. Rfc1 Qb8 {[%emt 0:06:48] &Nero is more active.} 22. Ba3 Nd7 23. Ne3 {[%emt 0:01:02] Black continues to play with concentration.} ({White should play} 23. Rd1 $15) 23... Nd4 $17 24. Nxd4 exd4 25. Nf5 b4 26. Bb2 Ne5 27. Rd1 Qb5 28. Qc1 (28. f4 $17 Nxd3 29. e5) 28... Bf8 $19 ({Not} 28... Nxd3 29. Qg5 Be5 30. Ne7+ Kh8 31. Nd5 $17) 29. Kg2 Nxd3 30. Qg5 {[%emt 0:00:08] [#] Black must now prevent Nh6+.} Ne5 31. h4 Qc6 32. Re2 f6 33. Qc1 g6 34. Nh6+ Bxh6 35. Qxh6 Nf7 36. Qf4 {[%emt 0:00:22] Black has a decisive advantage.} f5 37. f3 fxe4 38. Rxe4 Rxe4 39. fxe4 Re8 {[%emt 0:00:26] Weighted Error Value: White=0.24 (precise) /Black=0.10 (very precise)} 0-1

[Event "German Bundesliga 2021-22"]
[Site "Germany"]
[Date "2022.04.09"]
[Round "3.11"]
[White "Anton Guijarro, David"]
[Black "Bogner, Sebastian"]
[Result "1-0"]
[ECO "C42"]
[WhiteElo "2691"]
[BlackElo "2573"]
[Annotator "TA"]
[PlyCount "105"]
[EventDate "2022.03.05"]
[EventType "team-tourn"]
[EventCountry "GER"]
[SourceTitle "playchess.com"]
[Source "ChessBase"]
[SourceQuality "1"]
[TimeControl "40/5400+30:1800+30"]

1. e4 e5 2. Nf3 Nf6 3. Nxe5 d6 4. Nf3 Nxe4 5. d4 d5 6. Bd3 Bd6 7. O-O O-O 8. c4 c6 9. cxd5 cxd5 10. Nc3 Nxc3 11. bxc3 Bg4 12. Rb1 Nd7 13. h3 Bh5 14. Rb5 Nb6 15. c4 Bxf3 16. Qxf3 dxc4 17. Be4 Qd7 {[%emt 0:06:43] C42: Petroff Defence: 3 Nxe5 and unusual White 3rd moves.} 18. Ra5 $5 {[%emt 0:03:00][%mdl 4] A promising side line.} Bb4 19. Rh5 g6 {[%emt 0:00:20] The position is equal.} 20. a3 {[%emt 0:01:14][%cal Oa3b4] [#]} Be7 $146 ({Predecessor:} 20... gxh5 21. Bxh7+ Kxh7 22. Qxh5+ Kg8 {½-½ (22) Dressel,R (2209)-Haas,B (2034) ICCF email 2006}) 21. Ra5 Qxd4 22. Bxb7 Rab8 23. Be3 Qf6 24. Rxa7 {[%emt 0:02:09] Black must now prevent Qxf6.} Nc8 25. Ra6 Qb2 26. Bd5 {[%emt 0:07:26] This bishop pair is nice.} Qb5 27. Rc6 {[%emt 0:06:19] And now Qe4 would win. 0x0.00261840b71ddp-1022s more active pieces.} Nb6 28. Bxb6 Rxb6 29. a4 Qa5 30. Rxb6 Qxb6 31. Bxc4 Qb4 32. Bb3 Kg7 33. Rd1 Bf6 ({Black should try} 33... f5) 34. Rd7 $1 $16 h5 {[%emt 0:00:23] [#]} (34... Qc3 $16 35. Qxc3 Bxc3) 35. g3 $1 $18 h4 {[%emt 0:00:54] [#]} 36. g4 Qe1+ (36... Be5 $142 37. g5 (37. Rxf7+ Rxf7 38. Qxf7+ Kh6 $18) 37... Kh8) 37. Kg2 {[%emt 0:00:20][%cal Og4g5] Threatens to win with g5!} Qb4 (37... Qa5 {was worth a try.} 38. Qb7 (38. Rd6 Be5 $18) 38... Kh6 39. Rxf7 Rxf7 40. Qxf7 Ba1) 38. Qd5 Kh6 39. Bc2 Kg7 (39... Bc3 40. g5+ (40. Rxf7 Rxf7 41. Qxf7 Qd6 $18) 40... Kg7) 40. Bb3 Kh6 41. Qf3 {[%emt 0:00:00] Against Qf4} Kg7 $1 42. Rb7 ({Don't take} 42. g5 Be7 43. Qd5 Qc5 44. Qxc5 Bxc5 $18) 42... Qd2 43. Qd5 (43. Rb6 Qc3 44. a5 Qxf3+ 45. Kxf3 Bd8 $18) (43. Bd5 $142) 43... Qxd5+ 44. Bxd5 {[%emt 0:00:05][%mdl 4096] Endgame KRB-KRB} Bc3 45. f4 g5 46. fxg5 Kg6 47. Kf3 Bd2 $2 (47... Kxg5 48. Rb5 f5) 48. Be4+ {[%emt 0:03:22] White is clearly winning.} Kxg5 49. Rb5+ Kf6 (49... f5 $142 50. a5 Bc3 51. Bxf5 (51. gxf5 Rf6 $18) 51... Kf6) 50. a5 {[%emt 0:00:33][%cal Ba4a5,Ba5a6][%mdl 32] a6 is the strong threat.} Rc8 51. a6 Rc3+ 52. Ke2 Be3 53. Rf5+ {[%emt 0:00:16] Weighted Error Value: White=0.33/Black=0.39} 1-0

[Event "German Bundesliga 2021-22"]
[Site "Germany"]
[Date "2022.04.09"]
[Round "3.11"]
[White "Kollars, Dmitrij"]
[Black "Vaisser, Anatoly"]
[Result "1-0"]
[ECO "C18"]
[WhiteElo "2635"]
[BlackElo "2484"]
[Annotator "TA"]
[PlyCount "63"]
[EventDate "2022.03.05"]
[EventType "team-tourn"]
[EventCountry "GER"]
[SourceTitle "playchess.com"]
[Source "ChessBase"]
[SourceQuality "1"]
[TimeControl "40/5400+30:1800+30"]

1. e4 e6 2. d4 d5 3. Nc3 Bb4 4. e5 c5 5. a3 Bxc3+ 6. bxc3 Nc6 7. Qg4 g6 8. Nf3 Qa5 9. Bd2 Qa4 {[%emt 0:00:45] C18: French: 3 Nc3 Bb4: Main line: 7 h4 and 7 Qg4.} 10. Be2 c4 11. h4 $5 {[%emt 0:07:05][%mdl 4] &Bianco is more active. A promising side line.} h6 {[%emt 0:00:40] White is slightly better.} 12. Ra2 Bd7 13. Qf4 Rh7 14. Nh2 O-O-O 15. Ng4 Qa5 16. h5 g5 {[%emt 0:01:20] [#]} 17. Qf3 $146 ({Predecessor:} 17. Qe3 Nce7 18. f4 Nf5 19. Qf2 gxf4 20. Qxf4 Rg7 21. Bf3 Qb6 22. Kf2 Re8 23. Raa1 {½-½ (35) Firat,B (2248)-Komarov,D (2530) Ankara 2009}) 17... Rf8 18. a4 f5 19. exf6 Nxf6 20. O-O (20. Nxf6 Rhf7 $15) 20... Nxd4 21. cxd4 $16 Qxd2 {[%emt 0:00:09] [#]} 22. Qa3 $1 ({Weaker is} 22. Nxf6 Rhf7 23. Qa3 (23. Rd1 Qa5 $17) 23... Rxf6 $15) 22... Rhh8 {[%emt 0:10:39][%mdl 8192] This move loses the game for Black.} (22... Rff7 $16 23. c3 Qf4) 23. c3 $18 Qf4 {[%emt 0:00:12] [#]} 24. Ne5 Ne4 (24... Rd8 $142 25. g3 Qf5) 25. Bf3 {[%emt 0:02:46] White is clearly winning.} Rd8 26. Bxe4 {[%emt 0:01:42] Hoping for Qc5+.} Qxe4 27. Rb2 Rh7 28. Qc5+ ({Less strong is} 28. Qb4 Be8 $16) 28... Kb8 29. Qd6+ Kc8 30. Rfb1 Bxa4 31. Qc5+ Kb8 32. Qa5 {[%emt 0:00:17][%csl LRa4,LRd8] Weighted Error Value: White=0.08 (flawless) /Black=0.57} 1-0

[Event "German Bundesliga 2021-22"]
[Site "Germany"]
[Date "2022.04.09"]
[Round "3.11"]
[White "Neiksans, Arturs"]
[Black "Gajewski, Grzegorz"]
[Result "1/2-1/2"]
[ECO "B51"]
[WhiteElo "2577"]
[BlackElo "2589"]
[Annotator "RC"]
[PlyCount "68"]
[EventDate "2022.03.05"]
[EventType "team-tourn"]
[EventCountry "GER"]
[SourceTitle "playchess.com"]
[Source "ChessBase"]
[SourceQuality "1"]
[TimeControl "40/5400+30:1800+30"]

1. e4 c5 2. Nf3 d6 3. Bb5+ Nd7 4. Ba4 Ngf6 5. O-O e6 6. Re1 a6 7. c3 b5 8. Bc2 Bb7 9. d4 Be7 10. Nbd2 Qc7 11. Nf1 O-O 12. Ng3 Rfe8 13. Qe2 a5 14. a4 cxd4 15. cxd4 Rec8 16. Bd3 bxa4 17. Rxa4 d5 18. e5 Ne4 19. Bf4 Bb4 20. Rf1 f5 21. Raa1 Nf8 22. Rfc1 Qb6 23. Be3 Rxc1+ 24. Rxc1 a4 25. Qd1 a3 26. bxa3 Rxa3 27. Ra1 Ba6 28. Rxa3 Bxa3 29. Ne2 Bc4 30. h4 Qb5 31. Nf4 Ng6 32. Nxg6 hxg6 33. Bxe4 dxe4 34. Ng5 Qb3 1/2-1/2

[Event "German Bundesliga 2021-22"]
[Site "Germany"]
[Date "2022.04.09"]
[Round "3.11"]
[White "Engel, Luis"]
[Black "Tomczak, Jacek"]
[Result "1/2-1/2"]
[ECO "B12"]
[WhiteElo "2564"]
[BlackElo "2584"]
[Annotator "TA"]
[PlyCount "54"]
[EventDate "2022.03.05"]
[EventType "team-tourn"]
[EventCountry "GER"]
[SourceTitle "playchess.com"]
[Source "ChessBase"]
[SourceQuality "1"]
[TimeControl "40/5400+30:1800+30"]

1. e4 c6 2. d4 d5 3. e5 c5 4. dxc5 e6 5. Bd3 Bxc5 (5... Nd7 $5 ) 6. Qg4 {[%emt 0:00:00] B12: Caro-Kann: Advance Variation.} Ne7 7. Nf3 Ng6 8. h4 {[%emt 0:00:00][%cal Bh2h4,Bh4h5][%mdl 32] White is slightly better.} Nc6 9. h5 Ncxe5 10. Nxe5 Nxe5 11. Qxg7 Nxd3+ 12. cxd3 {[%emt 0:00:05] [#]} Kd7 $146 ({Predecessor:} 12... Rf8 13. d4 Be7 14. Bh6 Bd7 15. Qxh7 Qb6 16. O-O Qxb2 17. Nd2 Qxd4 18. Bxf8 Bxf8 {1-0 (25) Vlassov,N (2384)-Ashutosh,K (1978) Udaipur 2019}) 13. Be3 Qg8 14. h6 Bf8 15. Qd4 Qxg2 16. Rh5 (16. Rf1 $1 $11 {was the only way to keep the balance.} Rg8 17. Qa4+ Kd6 18. Nc3) 16... Rg8 $17 17. Nc3 {[%emt 0:02:37][%cal Rc3d5] [#]} Qg4 ({But not} 17... Qg1+ 18. Kd2 Qg4 19. Ne4 $14) (17... Be7 $1 $17 18. Rc1 Qg4 19. Qxg4 Rxg4) 18. Ne4 $1 $11 {[%emt 0:00:14] Hoping for Nf6+.} Be7 (18... Qg1+ 19. Kd2 Qxa1 20. Nf6+ Kc7 21. Qc3+ Kd8 22. Bf4 Qxb2+ 23. Qxb2 $18) 19. Rh1 {[%emt 0:10:18] The board is on fire.} Ke8 20. Nf6+ Bxf6 21. Qxf6 Bd7 {[%emt 0:01:33] White must now prevent ...Rc8.} 22. Rc1 d4 {[%emt 0:04:54] [#]} 23. Rh4 $1 Qg6 (23... Qf5 24. Qxf5) 24. Qxd4 {[%emt 0:03:16] Rc5 is the strong threat.} ({Of course not} 24. Qxg6 Rxg6 25. Rxd4 Bc6 $11) 24... Rd8 25. Rc3 (25. Rc7 $14) 25... Bc6 {[%emt 0:04:23] The position is equal.} 26. Qc4 Qf5 27. Rd4 Rg1+ {[%emt 0:00:43] Weighted Error Value: White=0.16 (very precise) /Black=0.11 (very precise)} 1/2-1/2

[Event "German Bundesliga 2021-22"]
[Site "Germany"]
[Date "2022.04.09"]
[Round "3.12"]
[White "Kraemer, Martin"]
[Black "Ernst, Sipke"]
[Result "1-0"]
[ECO "C78"]
[WhiteElo "2584"]
[BlackElo "2532"]
[Annotator "TA"]
[PlyCount "85"]
[EventDate "2022.03.05"]
[EventType "team-tourn"]
[EventCountry "GER"]
[SourceTitle "playchess.com"]
[Source "ChessBase"]
[SourceQuality "1"]
[TimeControl "40/5400+30:1800+30"]

1. e4 e5 2. Nf3 Nc6 3. Bb5 a6 4. Ba4 Nf6 5. O-O Bc5 6. c3 b5 7. Bb3 d6 8. d4 Bb6 9. a4 {[%emt 0:00:00] 9.Be3 is more advanced technology.} Bg4 {[%emt 0:00:00] C78: Ruy Lopez: Archangelsk and Möller Defences.} 10. h3 Bh5 11. Bg5 {[%emt 0:12:02] aiming for Bd5.} Rb8 {[%emt 0:00:43] White is slightly better.} 12. axb5 (12. d5 {seems wilder.} Na5 13. Ba2 h6 14. Bxf6 Qxf6 15. Nbd2) 12... axb5 13. dxe5 {[%emt 0:16:34] [#]} Bxf3 $146 ({Predecessor:} 13... Nxe5 14. g4 Bg6 15. Nxe5 dxe5 16. Qxd8+ Rxd8 17. Na3 h5 18. Bc2 hxg4 19. hxg4 c6 {½-½ (61) Azarov,S (2616)-Shalamberidze,A (2372) Tallinn 2014}) 14. Qxf3 Nxe5 15. Qe2 O-O 16. Nd2 Re8 17. Kh1 c6 18. f4 Ned7 19. Rae1 Bc7 20. Qf3 b4 21. Ba4 bxc3 22. bxc3 Rb6 {[%emt 0:09:59] [#]} (22... h6 $142 23. Bxf6 Nxf6) 23. e5 (23. Nc4 $1 $16 Ra6 24. Bc2) 23... dxe5 $11 24. Bxc6 {[%emt 0:00:02] And now Bxf6 would win. A strong pair of Bishops.} e4 $1 25. Bxe4 Rbe6 (25... h6 $11 26. Bh4 Nc5) 26. Rd1 $14 {[%emt 0:01:18] &Bianco is more active.} Nc5 {[%emt 0:12:01] [#]} (26... h6 $14 27. Bh4 Ba5) 27. Bf5 (27. Nc4 $1 $16 Qe7 (27... Qb8 28. Bc6) 28. Bc6) 27... Re3 $11 28. Qc6 $36 {[%emt 0:00:04][%mdl 2048] Nc4 is the strong threat. White is more active.} Qe7 $2 (28... Qd5 $11 {and Black is okay.} 29. Qxd5 (29. Qxc7 Qxf5 30. Bxf6 gxf6 $11) 29... Nxd5) 29. Nf3 (29. Bxf6 $18 {and White stays clearly on top.} gxf6 30. Ra1) 29... h6 (29... Bb8 $16) 30. Bxf6 $18 gxf6 31. Bd7 Rd8 32. Qxc7 {[%emt 0:00:06][%cal Od1d5] Threatens to win with Rd5!} Rxd7 33. Rxd7 Nxd7 34. Nd4 {[%emt 0:00:57] Strongly threatening Nf5.} Kh7 $2 (34... Nf8 {was worth a try.} 35. Qxe7 Rxe7) 35. Nf5 Rxh3+ 36. gxh3 Qe4+ 37. Kg1 Qxf5 {[%emt 0:00:05][%mdl 4096] Endgame KQR-KQN} 38. Qc4 ({Don't play} 38. Rd1 Qg6+ 39. Kf2 Qc2+ 40. Ke1 Qe4+ 41. Kd2 Qa4 $18) 38... Kg7 39. Qe2 Qc5+ $2 (39... Qxh3 40. Qg2+ Qxg2+ 41. Kxg2 f5) 40. Kh2 f5 {[%emt 0:01:19] Against Qg4+} 41. Qd3 Nf6 42. Qd4 Qc6 (42... Qxd4 $142 43. cxd4 Kf8) 43. Rg1+ {[%emt 0:00:00] Weighted Error Value: White=0.24 (precise) /Black=0.50} 1-0